 Dungeon Sprint DCSS version 0.27.1-33-g824d729ab1 (webtiles) character file.

Game seed: 3015703546666617002

5105 Hipnos the Imperceptible (level 10, -8/44 HPs)
             Began as a Spriggan Enchanter on Nov 25, 2021.
             Was an Elder of Dithmenos.
             Splashed by an oklob plant's acid (12 damage)
             ... in the Dungeon (Sprint I: "Red Sonja").
             The game lasted 00:05:55 (788 turns).

Hipnos the Imperceptible (Spriggan Enchanter)        Turns: 788, Time: 00:05:55

Health: -8/44      AC:  4    Str:  4    XL:     10   Next: 32%
Magic:  24/26      EV: 18    Int: 17    God:    Dithmenos [****..]
Gold:   737        SH:  0    Dex: 21    Spells: 25/31 levels left

rFire    . . .     SeeInvis +   a - +1 dagger
rCold    . . .     Faith    .   (shield restricted)
rNeg     . . .     Spirit   .   b - +0 robe
rPois    .         Reflect  .   (helmet restricted)
rElec    .         Harm     .   g - +1 cloak of Fadug {Dex+2}
rCorr    .         Rampage  .   (gloves unavailable)
Will     +....     NoTele   +   (boots unavailable) Stlth *****+++++
                                (no amulet)
HPRegen  0.14/turn              (no ring)
MPRegen  0.20/turn              (no ring)

@: confusing by touch, wreathed by umbra, very quick
A: very small, no large weapons, unfitting armour, see invisible, speed 3
a: Renounce Religion, Shadow Step


You were in the Dungeon.
You worshipped Dithmenos.
Dithmenos was greatly pleased with you.
You visited 1 branch You collected 964 gold pieces.
You spent 227 gold pieces at shops.

Inventory:

Hand Weapons
 a - a +1 dagger (weapon)
Armour
 b - a +0 robe (worn)
 g - the +1 cloak of Fadug (worn) {Dex+2}
   (You bought it in a shop in the Dungeon)

   Dex:       It affects your dexterity (+2).
Scrolls
 d - a scroll of fog {unknown}
 h - a scroll of blinking
 j - 2 scrolls of silence {unknown}
 k - a scroll of enchant armour {unknown}
 l - a scroll of immolation {unknown}
 m - a scroll of identify {unknown}
Potions
 c - 2 potions of curing
 e - a potion of haste
 f - a potion of magic
 i - 2 potions of ambrosia {unknown}


   Skills:
 + Level 5.0 Short Blades
 - Level 2.6 Dodging
 + Level 26.8 Stealth
 + Level 11.0 Spellcasting
 + Level 11.8 Hexes
 - Level 1.2 Ice Magic


You had 25 spell levels left.
You knew the following spells:

 Your Spells              Type           Power      Damage    Failure   Level
a - Corona                Hex            54%        N/A       1%          1
b - Ensorcelled Hibernat  Hex/Ice        62%        N/A       1%          2
c - Confusing Touch       Hex            49%        N/A       1%          3

Your spell library contained the following spells:

 Spells                   Type           Power      Damage    Failure   Level
 Dazzling Flash           Conj/Hex       58%        N/A       1%          3
 Tukima's Dance           Hex            49%        N/A       1%          3


Dungeon Overview and Level Annotations

Branches:
Dungeon (1/1)

Altars:
Cheibriados
Dithmenos
Elyvilon
Fedhas
Gozag
Hepliaklqana
Kikubaaqudgha
Makhleb
Nemelex Xobeh
Okawaru
Qazlal
Ru
Sif Muna
Trog
Uskayaw
Vehumet
Wu Jian
Xom
Yredelemnul
Zin
The Shining One
Jiyva
Lugonu

Shops:
D [[[

Annotations:
D exclusion: oklob plant


Innate Abilities, Weirdness & Mutations

You are very small and have problems with some larger weapons.
You are too small for most types of armour.
You have supernaturally acute eyesight. (SInv)
You cover ground extremely quickly. (Speed+++)


Message History

Your Spellcasting skill increases to level 11!
You now have 656 gold pieces (gained 27).
You now have 683 gold pieces (gained 27).
You see here a hornet corpse.
You now have 710 gold pieces (gained 27).
You now have 737 gold pieces (gained 27).
You see here a hornet corpse.
As you open the door, it creaks loudly!
An oklob plant comes into view.
The oklob plant spits acid at you. The splash of acid misses you.
Marking area around an oklob plant as unsafe for travelling.
Casting: Ensorcelled Hibernation (safe; 1% risk of failure)
Confirm with . or Enter, or press ? or * to list all spells.
You can't see any susceptible monsters within range! (Use Z to cast anyway.)
Casting: Ensorcelled Hibernation (safe; 1% risk of failure)
Confirm with . or Enter, or press ? or * to list all spells.
Your hands begin to glow red.
The oklob plant spits acid at you. The splash of acid hits you!
You are splashed with acid!
There is an open door here.
You hit the oklob plant but do no damage.
Your shadow hits the oklob plant but does no damage.
You hit the oklob plant but do no damage.
You hit the oklob plant but do no damage.
Unknown command.
Casting: Confusing Touch (safe; 1% risk of failure)
Confirm with . or Enter, or press ? or * to list all spells.
Okay, then.
You hit the oklob plant but do no damage.
Your shadow hits the oklob plant with a dagger.
The oklob plant spits acid at you. The splash of acid hits you!
You are splashed with acid!
* * * LOW HITPOINT WARNING * * *
You feel better. The oklob plant spits acid at you.
The splash of acid hits you!
* * * LOW HITPOINT WARNING * * *
You are splashed with acid!
You die...

######################
).#.)'..#__#..)...#.[#
..'..#..'..'..#...##'#
#'#####)#__####...'○.#
..#...#[####§§#####†○+
###..##)#§≈§§§#§.##'####
__##'#_.+≈§§§§§.†#.°°^°#
...'..._#≈≈≈.)#.§#^°°○.+
__##_.#'##'#####@###°)○#
__###'#.#.(.)###P+ #^.☼#
#####.####'###.### #..##
...'...'..÷..'(∩# #..#
####.).########## ##+#
###.### #.#'#.# #.....#
#...(.#


You could see an oklob plant.

Vanquished Creatures
  2 centaur warriors (D)
  Sonja (D)
  A deep troll (D)
  A gargoyle (D)
  2 kobold demonologists (D)
  4 demonic crawlers (D)
  A hornet (D)
  A slime creature (D)
  Sigmund (D)
  A yak (D)
  A floating eye (D)
  An ogre (D)
  A jelly (D)
  Ijyb (D)
19 creatures vanquished.

Vanquished Creatures (others)
  2 ballistomycete spores (D)
2 creatures vanquished.

Grand Total: 21 creatures vanquished

Notes
Turn   | Place    | Note
-------+----------+-------------------------------------------
     0 | D        | Hipnos the Spriggan Enchanter began the quest for the Orb.
     0 | D        | Reached XP level 1. HP: 9/9 MP: 5/5
     1 | D        | Noticed Ijyb
     8 | D        | Killed Ijyb
     9 | D        | Reached skill level 10 in Stealth
     9 | D        | Reached XP level 2. HP: 13/13 MP: 6/6
    43 | D        | Learned a level 2 spell: Ensorcelled Hibernation
    54 | D        | Noticed an ogre
    57 | D        | Killed an ogre
    58 | D        | Reached skill level 14 in Stealth
    58 | D        | Reached XP level 3. HP: 16/16 MP: 5/8
    58 | D        | Reached XP level 4. HP: 21/21 MP: 5/9
   100 | D        | Learned a level 3 spell: Confusing Touch
   100 | D        | Noticed Sigmund
   103 | D        | Killed Sigmund
   104 | D        | Reached skill level 18 in Stealth
   104 | D        | Reached XP level 5. HP: 24/24 MP: 10/10
   104 | D        | Reached XP level 6. HP: 28/28 MP: 11/11
   116 | D        | Found an ornate altar of the Wu Jian Council.
   116 | D        | Found a shimmering blue altar of Sif Muna.
   118 | D        | Found a radiant altar of Vehumet.
   123 | D        | Reached skill level 1 in Ice Magic
   125 | D        | Found Bausan's Armour Emporium.
   125 | D        | Found an ancient bone altar of Kikubaaqudgha.
   125 | D        | Found a hazy altar of Hepliaklqana.
   125 | D        | Found a stormy altar of Qazlal.
   125 | D        | Found a hide-covered altar of Uskayaw.
   125 | D        | Found a blossoming altar of Fedhas.
   125 | D        | Found a bloodstained altar of Trog.
   125 | D        | Found an iron altar of Okawaru.
   125 | D        | Found a basalt altar of Yredelemnul.
   125 | D        | Found a glowing golden altar of the Shining One.
   125 | D        | Found a snail-covered altar of Cheibriados.
   125 | D        | Found a sacrificial altar of Ru.
   125 | D        | Found a glowing silver altar of Zin.
   125 | D        | Found a shadowy altar of Dithmenos.
   125 | D        | Found a white marble altar of Elyvilon.
   125 | D        | Noticed a yak
   126 | D        | Found an opulent altar of Gozag.
   127 | D        | Killed a yak
   128 | D        | Reached skill level 20 in Stealth
   128 | D        | Found a sparkling altar of Nemelex Xobeh.
   134 | D        | Became a worshipper of Dithmenos the Shadowed
   180 | D        | Found a burning altar of Makhleb.
   180 | D        | Found a viscous altar of Jiyva.
   180 | D        | Found a shimmering altar of Xom.
   180 | D        | Found a corrupted altar of Lugonu.
   180 | D        | Noticed a slime creature
   183 | D        | Killed a slime creature
   184 | D        | Reached skill level 5 in Hexes
   184 | D        | Reached XP level 7. HP: 32/32 MP: 11/13
   195 | D        | Noticed a kobold demonologist
   196 | D        | Noticed a kobold demonologist
   198 | D        | Paralysed by a floating eye for 2 turns
   206 | D        | Killed a kobold demonologist
   207 | D        | Reached skill level 21 in Stealth
   207 | D        | Reached skill level 5 in Spellcasting
   208 | D        | Reached * piety under Dithmenos
   254 | D        | Noticed a ynoxinul
   256 | D        | Killed a kobold demonologist
   257 | D        | Reached skill level 22 in Stealth
   257 | D        | Reached XP level 8. HP: 20/36 MP: 8/18
   395 | D        | Noticed Sonja
   399 | D        | Killed Sonja
   400 | D        | Reached skill level 23 in Stealth
   410 | D        | Noticed a deep troll
   414 | D        | Killed a deep troll
   414 | D        | Reached ** piety under Dithmenos
   415 | D        | Reached skill level 24 in Stealth
   415 | D        | Reached skill level 10 in Hexes
   415 | D        | Reached XP level 9. HP: 39/39 MP: 20/22
   424 | D        | Found Ogedysin's Armour Emporium.
   430 | D        | Bought the +1 cloak of Fadug {Dex+2} for 227 gold pieces
   449 | D        | Found Raesky's Antique Armour Boutique.
   693 | D        | Noticed a demonic crawler
   693 | D        | Noticed a demonic crawler
   693 | D        | Noticed a demonic crawler
   693 | D        | Noticed a demonic crawler
   695 | D        | Killed a demonic crawler
   696 | D        | Killed a demonic crawler
   698 | D        | Killed a demonic crawler
   698 | D        | Reached *** piety under Dithmenos
   699 | D        | Killed a demonic crawler
   700 | D        | Reached skill level 25 in Stealth
   709 | D        | Noticed a gargoyle
   713 | D        | Killed a gargoyle
   714 | D        | Reached skill level 10 in Spellcasting
   752 | D        | Noticed a centaur warrior
   754 | D        | Noticed a centaur warrior
   756 | D        | Killed a centaur warrior
   757 | D        | Reached skill level 26 in Stealth
   757 | D        | Reached XP level 10. HP: 44/44 MP: 25/25
   758 | D        | Killed a centaur warrior
   758 | D        | Reached **** piety under Dithmenos
   759 | D        | Reached skill level 5 in Short Blades
   781 | D        | Noticed an oklob plant
   787 | D        | HP: 2/44 [acid (12)]
   788 | D        | Splashed by an oklob plant's acid

Illustrated notes

Levels and vault maps discovered:
D:        dungeon_sprint_1 [red_sonja_temple_1, red_sonja_temple_small_1]

Skill      XL: |  1  2  3  4  5  6  7  8  9 10 |
---------------+-------------------------------+-----
Stealth        | 10 14 18 20 22 24 26 | 26.8
Ice Magic      | 1 |  1.2
Short Blades   | 2 3 4 5 |  5.0
Spellcasting   | 3 6 8 10 11 | 11.0
Hexes          | 5 8 10 11 | 11.8
Dodging        | |  2.6

Action                   |  1- 3 |  4- 6 |  7- 9 | 10-12 || total
-------------------------+-------+-------+-------+-------++-------
Melee: Dagger            |     5 |     4 |    36 |     6 ||    51
 Cast: Ensorcelled Hiber |     1 |       |    10 |       ||    11
       Confusing Touch   |       |       |     2 |     1 ||     3
  Use: Potion            |     1 |       |     2 |     1 ||     4
 Stab: Sleeping          |     2 |     4 |    11 |     2 ||    19
       Confused          |       |       |     2 |       ||     2
Armor: Robe              |     1 |       |     1 |       ||     2
Dodge: Dodged            |     1 |       |    50 |     1 ||    52
